 Dungeon Crawl Stone Soup version 0.25-a0-589-g1e14c549ee (webtiles) character file.

Game seed: 6219830858658763973, levelgen mode: deterministic

1262 Delarado the Grappler (level 8, -4/54 HPs)
             Began as an Octopode Fighter on Mar 11, 2020.
             Was a Believer of Cheibriados.
             Slain by a worker ant (7 damage)
             ... on level 6 of the Dungeon.
             The game lasted 00:20:05 (5139 turns).

Delarado the Grappler (Octopode Fighter)            Turns: 5139, Time: 00:20:07

Health: -4/54      AC:  1    Str: 20    XL:     8   Next: 52%
Magic:  11/11      EV: 13    Int: 16    God:    Cheibriados [**....]
Gold:   130        SH: 10    Dex: 18    Spells: 7/7 levels left

rFire    . . .     SeeInvis .     - Unarmed
rCold    . . .     Gourm    .   a - +0 kite shield
rNeg     . . .     Faith    .   (helmet restricted)
rPois    .         Spirit   .   (no amulet)
rElec    .         Reflect  .   h - ring of stealth
rCorr    .         Harm     .   (no ring)
MR       .....                  (no ring)
Stlth    +++++.....             (no ring)
HPRegen  0.18/turn              (no ring)
MPRegen  0.12/turn              (no ring)
                                (no ring)
                                (no ring)

@: very slow
A: almost no armour, stealthy swim, amphibious, 8 rings, constrict 8, camouflage
1, gelatinous body 1
a: Bend Time, Renounce Religion


You were on level 6 of the Dungeon.
You worshipped Cheibriados.
Cheibriados was pleased with you.
You were hungry.

You visited 1 branch of the dungeon, and saw 6 of its levels.
You also visited: Sewer.

You collected 130 gold pieces.

Inventory:

Missiles
 f - 119 stones (quivered)
 q - 4 poisoned darts
Armour
 a - a +0 kite shield (worn)
 t - a +0 tower shield
Jewellery
 h - a ring of stealth (left tentacle)
Wands
 j - a wand of flame (14)
Scrolls
 g - a scroll of teleportation
 l - a scroll of enchant weapon {unknown}
 r - a scroll of magic mapping {unknown}
 s - a scroll of fog {unknown}
Potions
 b - 2 potions of might
 d - a potion of mutation
 e - a potion of resistance
 i - a potion of ambrosia
 k - 2 potions of degeneration {unknown}
 m - 2 potions of heal wounds {unknown}
 o - a potion of curing
 p - a potion of brilliance
 u - a potion of stabbing {unknown}
Comestibles
 c - 8 rations


   Skills:
 + Level 3.9 Fighting
 + Level 4.0 Dodging
 - Level 4.0 Stealth
 - Level 3.0 Shields
 - Level 8.0 Unarmed Combat
 + Level 4.2 Invocations


You had 7 spell levels left.
You didn't know any spells.
Your spell library was empty.

Dungeon Overview and Level Annotations

Branches:
Dungeon (6/15)              Sewer (visited)
 Temple: D:4-7

Altars:
Cheibriados
Gozag
Nemelex Xobeh
Qazlal
Sif Muna
Yredelemnul
The Shining One

Shops:
D:4 *

Annotations:
D:5 Sigmund


Innate Abilities, Weirdness & Mutations

You cannot wear most types of armour.
You are very stealthy in the water. (Stealth+)
You are amphibious.
You can wear up to eight rings at the same time.
You can use your tentacles to constrict eight enemies at once.
Your skin changes colour to match your surroundings (Stealth+).
Your rubbery body absorbs attacks. (AC +1, EV +1)


Message History

You tentacle-slap the bullfrog.
You kill the bullfrog!
Cheibriados thoroughly appreciates the change of pace.
Cheibriados raises the support of your attributes as your movement slows.
You block the jelly's attack.
You bludgeon the jelly!
Your tentacles burn!
* * * LOW HITPOINT WARNING * * *
You tentacle-slap the jelly.
You kill the jelly!
Cheibriados thoroughly appreciates the change of pace.
Your Dodging skill increases to level 4!
You block the worker ant's attack.
You closely miss the worker ant. Your grab misses the worker ant.
You barely miss the worker ant. You grab the worker ant.
You tentacle-slap the worker ant.
The worker ant is lightly wounded.
You constrict the worker ant. The worker ant bites you!
* * * LOW HITPOINT WARNING * * *
The worker ant bites you!
You die...

.#.##..####
.........
.......
#.#...#
..... #...#
#...#
#.###..a#
#.....†@#
#####..##
#..# #...
##.# #..
###


You could see a worker ant.

Vanquished Creatures
  Eustachio (D:4)
  2 centaurs (D:6)
  4 big kobolds (Sewer)
  A bullfrog (D:6)
  A scorpion (D:4)
  A howler monkey (D:3)
  A jelly (D:6)
  An orc wizard (D:3)
  A bullfrog skeleton (D:4)
  An iguana (D:4)
  Jessica (D:3)
  Natasha (twice) (D:4)
  2 worker ants
  4 gnolls (D:4)
  7 adders
  3 river rats
  A white imp (D:6)
  4 oozes
  An adder skeleton (D:4)
  8 worms
  4 dart slugs
  2 leopard geckos
  6 orcs
  5 ball pythons (Sewer)
  7 bats
  5 giant cockroaches
  7 goblins
  3 hobgoblins
  11 jackals
  7 quokkas
  6 frilled lizards
  A goblin zombie (D:6)
  A hobgoblin zombie (D:6)
  9 kobolds
  A kobold skeleton (D:6)
  An orc skeleton (D:6)
  An orc zombie (D:6)
  13 rats
137 creatures vanquished.

Notes
Turn   | Place    | Note
-------+----------+-------------------------------------------
     0 | D:1      | Delarado the Octopode Fighter began the quest for the Orb.
     0 | D:1      | Reached XP level 1. HP: 16/16 MP: 1/1
    81 | D:1      | Reached XP level 2. HP: 18/21 MP: 2/2
   254 | D:1      | Reached skill level 3 in Unarmed Combat
   606 | D:1      | Reached XP level 3. HP: 26/26 MP: 3/3
   726 | D:2      | Found a stormy altar of Qazlal.
   917 | D:2      | Reached skill level 4 in Unarmed Combat
   962 | D:2      | Reached XP level 4. HP: 23/31 MP: 4/4
  1715 | D:2      | Found a basalt altar of Yredelemnul.
  1828 | D:3      | Found a glowing drain.
  1857 | D:3      | Found an opulent altar of Gozag.
  1858 | D:3      | Found a sparkling altar of Nemelex Xobeh.
  1872 | Sewer    | Entered a sewer
  2015 | Sewer    | Noticed a big kobold
  2050 | Sewer    | Killed a big kobold
  2050 | Sewer    | Reached skill level 5 in Unarmed Combat
  2050 | Sewer    | Reached XP level 5. HP: 10/36 MP: 5/5
  2387 | Sewer    | Noticed a big kobold
  2404 | Sewer    | Killed a big kobold
  2404 | Sewer    | Reached skill level 6 in Unarmed Combat
  2404 | Sewer    | Reached XP level 6. HP: 42/42 MP: 6/6
  2578 | Sewer    | Reached skill level 7 in Unarmed Combat
  2688 | Sewer    | Reached XP level 7. HP: 46/46 MP: 7/7
  3145 | D:3      | Found a snail-covered altar of Cheibriados.
  3152 | D:3      | Became a worshipper of Cheibriados the Contemplative
  3237 | D:3      | Noticed Jessica
  3241 | D:3      | Killed Jessica
  3251 | D:3      | Found a shimmering blue altar of Sif Muna.
  3375 | D:3      | Reached skill level 1 in Stealth
  3375 | D:3      | Reached skill level 1 in Invocations
  3736 | D:4      | Reached * piety under Cheibriados
  4295 | D:4      | Noticed Eustachio
  4304 | D:4      | Killed Eustachio
  4304 | D:4      | Reached skill level 8 in Unarmed Combat
  4443 | D:4      | Reached XP level 8. HP: 48/52 MP: 10/10
  4449 | D:4      | Noticed Natasha
  4457 | D:4      | Killed Natasha
  4578 | D:4      | Noticed Natasha
  4589 | D:4      | Killed Natasha
  4863 | D:4      | Found Pir Cud's General Store.
  4957 | D:5      | Entered Level 5 of the Dungeon
  5017 | D:5      | Noticed Sigmund
  5041 | D:6      | Reached ** piety under Cheibriados
  5091 | D:6      | Found a glowing golden altar of the Shining One.
  5139 | D:6      | Slain by a worker ant

Levels and vault maps discovered:
D:1:      scummos_arrival_simple_crosswalls, layout_loops_ring
D:2:      layout_rooms, grunt_qazlal_sundering, lemuel_coloured_pillars_altar,
          corexii_corridor_pit
D:3:      layout_basic, grunt_temple_overflow_opulence,
          nicolae_overflow_crystal_walls, tgw_sif, cheibrodos_sewer_entry_sluice
D:4:      layout_gridville, first_ration, serial_shops, shop_statue,
          uniq_eustachio, uniq_natasha
D:5:      layout_loops_ring, gammafunk_temple_overflow_claw, serial_undead,
          serial_undead_f, serial_undead_f, serial_undead_f, serial_undead_e,
          uniq_pikel, uniq_prince_ribbit1, uniq_sigmund
D:6:      layout_loops_ring, nicolae_tso_besieged_by_evil

Skill      XL: |  1  2  3  4  5  6  7  8 |
---------------+-------------------------+-----
Unarmed Combat | 3 4 5 6 7 8 |  8.0
Stealth        | 3 4 |  4.0
Invocations    | 2 4 |  4.2
Dodging        | 4 |  4.0
Fighting       | |  3.9
Shields        | |  3.0

Action                   |  1- 3 |  4- 6 |  7- 9 || total
-------------------------+-------+-------+-------++-------
Melee: Unarmed           |    67 |    93 |   144 ||   304
       Constrict         |    18 |    20 |    41 ||    79
       Tentacles         |    12 |     8 |    27 ||    47
       Punch             |     2 |     4 |     8 ||    14
Throw: Stone             |     5 |    53 |    21 ||    79
       Dart              |       |       |    32 ||    32
Evoke: Wand              |       |       |     2 ||     2
  Use: Scroll            |       |       |     7 ||     7
       Potion            |       |       |     2 ||     2
 Stab: Sleeping          |     6 |     2 |    14 ||    22
       Distracted        |       |       |     1 ||     1
  Eat: Chunk             |       |     2 |     5 ||     7
       Ration            |       |     1 |       ||     1
Armor: Skin              |     7 |     1 |     7 ||    15
Dodge: Dodged            |    17 |    27 |    41 ||    85
Block: Kite shield       |    32 |    27 |    41 ||   100

Table legend:
 A = Non-vault XP
 B = Vault XP
 C = Vault XP percentage of total XP
 D = Non-vault monster count
 E = Vault monster count
 F = Vault count percentage of total count
                 A         B        C        D         E       F
            +---------+---------+-------+---------+---------+-------
      Total |     989 |     815 |  45.2 |      97 |      40 |  29.2
            +---------+---------+-------+---------+---------+-------
        D:1 |      41 |       0 |   0.0 |      17 |       0 |   0.0
        D:2 |      89 |       0 |   0.0 |      23 |       0 |   0.0
        D:3 |     138 |      58 |  29.6 |      23 |       4 |  14.8
        D:4 |     319 |     234 |  42.3 |      23 |       2 |   8.0
        D:5 |      33 |       0 |   0.0 |       1 |       0 |   0.0
        D:6 |     369 |      15 |   3.9 |      10 |       6 |  37.5
      Sewer |       0 |     508 | 100.0 |       0 |      28 | 100.0
            +---------+---------+-------+---------+---------+-------
